 Dungeon Crawl Stone Soup version 0.28.0-53-g5a82cb258f (webtiles) character file.

Game seed: 4604467702847587204

108272 firemarshallily the Warrior (level 16, 0/143 HPs)
             Began as a Demonspawn Gladiator on May 19, 2022.
             Was a Follower of Ashenzari.
             Killed from afar by Roxanne (77 damage)
             ... with a crystal spear
             ... on level 15 of the Dungeon on May 20, 2022.
             The game lasted 03:23:16 (27322 turns).

firemarshallily the Warrior (Demonspawn Gladiator) Turns: 27322, Time: 03:23:16

Health: 0/143      AC: 30    Str: 23    XL:     16   Next: 2%
Magic:  16/16      EV: 15    Int: 12    God:    Ashenzari [*.....]
Gold:   1791       SH:  7    Dex: 21    Spells: 7/15 levels left

rFire   x . .      SeeInvis +   P - +0 scimitar (flame)
rCold   + + +      Faith    .   b - +0 buckler of Agnosticism {rPois Str-2 Dex+7}
rNeg    . . .      Spirit   .   o - +0 ice dragon scales
rPois   +          Reflect  .   Z - +1 helmet of Desmomancy {SInv, Cun, Melee} (curse)
rElec   .          Harm     .   C - +2 cloak of Ashenzari's Seer {Fort, Comp} (curse)
rCorr   .          Rampage  .   (gloves unavailable)
Will    +....                   Q - +2 pair of boots
Stlth   ++........              D - amulet of regeneration
HPRegen 1.13/turn               p - +4 ring of protection
MPRegen 0.15/turn               U - ring of protection from cold

@: no status effects
A: claws 3, rugged brown scales 2, ignite blood 3, spiny 1, corrupting presence
2, clever 1, sense surroundings 1, strong 1
a: Renounce Religion, Curse Item, Shatter the Chains


You were on level 15 of the Dungeon.
You worshipped Ashenzari.
Ashenzari was aware of your devotion.
You visited 3 branches of the dungeon, and saw 23 of its levels.
You visited the Abyss 2 times.
You also visited: Bailey, Gauntlet, Ice Cave and Volcano.

You collected 2834 gold pieces.
You spent 1043 gold pieces at shops.

Inventory:

Hand Weapons
 a - a +1 long sword
 P - a +0 scimitar of flaming (weapon)
 R - the +9 flail of Sharkskin {flame, Fly rF+ rN++}
   (You found it on level 9 of the Dungeon)

   It burns those it strikes, dealing additional fire damage.
   rF:        It protects you from fire.
   rN:        It greatly protects you from negative energy.
   Fly:       It grants you flight.
Missiles
 d - 7 throwing nets (quivered)
 e - 2 atropa-tipped darts
 v - 20 poisoned darts
 y - 4 javelins
 S - 3 boomerangs of dispersal
 T - a curare-tipped dart
Armour
 b - the +0 buckler of Agnosticism (worn) {rPois Str-2 Dex+7}
   (You found it on level 6 of the Dungeon)

   Str:       It affects your strength (-2).
   Dex:       It affects your dexterity (+7).
   rPois:     It protects you from poison.
 o - +0 ice dragon scales (worn)
 C - the cursed +2 cloak of Ashenzari's Seer (worn) {Fort, Comp}
   (You found it on level 6 of the Dungeon)

   It has a curse which improves the following skills: Fortitude: Armour and
   Shields.
   Companions: Summonings and Necromancy.
 G - a +3 chain mail of fire resistance
 Q - a +2 pair of boots (worn)
 Z - the cursed +1 helmet of Desmomancy (worn) {SInv, Cun, Melee}
   (You found it on level 3 of the Lair of Beasts)

   It has a curse which improves the following skills: Cunning: Dodging and
   Stealth.
   Melee Combat: Short Blades, Long Blades, Axes, Maces & Flails, Polearms,
   Staves and Unarmed Combat.
Jewellery
 i - the ring "Yfacsoce" {rElec rPois Int+4}
   (You found it on level 3 of the Lair of Beasts)

   [ring of poison resistance]

   Int:       It affects your intelligence (+4).
   rElec:     It insulates you from electricity.
   rPois:     It protects you from poison.
 m - a ring of wizardry
 p - a +4 ring of protection (left claw)
 q - the ring "Firy" {rN+ rCorr Int+6 Dex-5}
   (You took it off a gnoll on level 6 of the Dungeon)

   [ring of intelligence]

   Int:       It affects your intelligence (+6).
   Dex:       It affects your dexterity (-5).
   rN:        It protects you from negative energy.
   rCorr:     It protects you from acid and corrosion.
 u - a +4 ring of evasion
 D - an amulet of regeneration (around neck)
 L - a +6 ring of dexterity
 U - a ring of protection from cold (right claw)
Wands
 n - a wand of polymorph (14)
 w - a wand of acid (9)
 B - a wand of iceblast (8)
 E - a wand of flame (29)
 J - a wand of digging (3)
 V - a wand of mindburst (10)
Scrolls
 f - 4 scrolls of teleportation
 s - 3 scrolls of fog
 F - 2 scrolls of immolation
 H - 6 scrolls of fear
 Y - 2 scrolls of magic mapping
Potions
 c - a potion of haste
 g - a potion of flight
 h - a potion of berserk rage
 k - 4 potions of curing
 l - 2 potions of ambrosia
 r - a potion of resistance
 t - 2 potions of heal wounds
 x - a potion of might
 z - a potion of cancellation
 I - 3 potions of lignification
 M - 4 potions of brilliance
 N - a potion of invisibility
Miscellaneous
 j - a box of beasts


   Skills:
 * Level 15.7 Fighting
 - Level 14.0(14.7) Long Blades
 - Level 2.0 Throwing
 + Level 13.6(14.4) Armour
 + Level 7.6(8.5) Dodging
 + Level 4.8(5.6) Stealth
 + Level 6.9(7.7) Shields
 - Level 7.0(7.8) Summonings


You had 7 spell levels left.
You knew the following spells:

 Your Spells              Type           Power      Damage    Failure   Level
a - Summon Small Mammal   Summ           72%        N/A       3%          1
b - Apportation           Tloc           0%         N/A       67%         1
c - Call Canine Familiar  Summ           18%        N/A       11%         3
d - Summon Guardian Gole  Hex/Summ       9%         N/A       50%         3

Your spell library contained the following spells:

 Spells                   Type           Power      Damage    Failure   Level
 Animate Skeleton         Necr           0%         N/A       65%         1
 Slow                     Hex            0%         N/A       67%         1
 Blink                    Tloc           0%         N/A       80%         2
 Scorch                   Fire           0%         2d5       80%         2
 Confusing Touch          Hex            0%         N/A       95%         3
 Lesser Beckoning         Tloc           0%         N/A       95%         3
 Tukima's Dance           Hex            0%         N/A       95%         3
 Vampiric Draining        Necr           0%         2d6       95%         3
 Summon Cactus Giant      Summ           9%         N/A       99%         6
 Flame Wave               Conj/Fire      0%         2d4       100%        4
 Passage of Golubria      Tloc           0%         N/A       100%        4
 Alistair's Intoxication  Tmut/Pois      0%         N/A       100%        5
 Manifold Assault         Tloc           0%         N/A       100%        5
 Metabolic Englaciation   Hex/Ice        0%         N/A       100%        5
 Yara's Violent Unravell  Hex/Tmut       0%         3d3       100%        5
 Enfeeble                 Hex            0%         N/A       100%        7
 Chain Lightning          Conj/Air       0%         N/A       100%        9
 Fire Storm               Conj/Fire      0%         5d1       100%        9
 Shatter                  Erth           0%         3d5*      100%        9


Dungeon Overview and Level Annotations

Branches:
Dungeon (15/15)            Temple (0/1) D:4            Lair (6/6) D:10
 Shoals (0/4) Lair:4       Spider (0/4) Lair:2        Slime (0/5) Lair:6
    Orc (2/2) D:10            Elf (0/3) Orc:2        Vaults (0/5) D:14
 Bailey (visited)           IceCv (visited)         Volcano (visited)
Gauntlet (visited)
 Depths: D:15

Altars:
Ashenzari
Hepliaklqana
Makhleb
Nemelex Xobeh
Okawaru
Uskayaw
Yredelemnul
Beogh

Shops:
D:5 ?   D:6 !   D:8 *   Orc:1 (!!(   Orc:2 *[*:

Annotations:
D:8 2 transporters, Soldner's ghost, novice HOFi
D:15 Roxanne


Innate Abilities, Weirdness & Mutations

You have claws for hands.
You are mostly covered in rugged brown scales. (AC +2, +5% HP)
Your demonic aura causes all spilled blood to erupt in flames.
You are partially covered in sharp spines.
Your presence sometimes corrodes or deforms those you injure.
Your mind is acute. (Int +2)
You passively map a small area around you.
Your muscles are strong. (Str +2)


Message History

Roxanne mumbles some strange words.
The iron shot hits you!!!
Your hound is engulfed in blazing flames.
Roxanne mumbles some strange words.
The iron shot hits you!
Your hound is engulfed in blazing flames.
You hit Roxanne but do no damage.
Your hound is engulfed in blazing flames.
You kill your hound!
Your hound's corpse disappears in a puff of smoke!
You hit Roxanne.
Roxanne is lightly damaged.
You hit Roxanne but do no damage. You hit Roxanne.
Roxanne is lightly damaged.
You hit Roxanne but do no damage.
Roxanne is lightly damaged.
Roxanne casts a spell.
The crystal spear misses you.
You slash Roxanne! You burn Roxanne.
Roxanne is lightly damaged.
You hit Roxanne but do no damage.
Roxanne is lightly damaged.
You hit Roxanne.
Roxanne is lightly damaged.
Roxanne wails, "NOOOO!"
Roxanne casts a spell.
The iron shot misses you.
You slash Roxanne!
Roxanne is lightly damaged.
You hit Roxanne but do no damage.
Roxanne is lightly damaged.
You hit Roxanne.
Roxanne is lightly damaged.
You slash Roxanne! You burn Roxanne.
Roxanne is moderately damaged.
Roxanne casts a spell.
The crystal spear hits you!!!!
Ouch! That really hurt!
You die...

** * ####### .### ### #####
, * ##.... ...#.... ** ,
,,,...... ,..#.###
**###...###.###.#.### ,
####........^.........
#..#.#...#*#.......##. ,,,
##.#§°..# #.#.....##. * ≈
#...§@8.# #.......... , *
*#..##☼..# #.#.###.### * ,,
#..###..# #.#.# #)# #..#
*#.# #.#.###.# #. #..#
#.###,#...##.#* #..#..#
#....##....#.##. * *
##.#...####.#.#.#....#....
.............#.......).....
,
...........#####..#.#.#####


You could see Roxanne.

Vanquished Creatures
  Kirke (Lair:5)
  2 orc warlords (Orc:2)
  A quicksilver ooze (Lair:5)
  A red draconian (Volcano)
  Snorg (Lair:6)
  Josephine (D:13)
  Erolcha (Orc:2)
  A boulder beetle (Lair:6)
  9 hydras
  An ogre mage (D:14)
  An ice dragon (Lair:6)
  3 centaur warriors
  5 two-headed ogres
  An alligator (Lair:4)
  6 death yaks
  A tengu warrior (D:14)
  A thrashing horror (Abyss:3)
  A deep elf knight (D:14)
  An orc high priest (D:9)
  Nergalle (Lair:1)
  Urug (D:13)
  A salamander mystic (Volcano)
  A sun demon (Abyss:3)
  A skeletal warrior (D:14)
  A fire crab (Lair:6)
  3 lindwurms
  A wizard (D:14)
  A deep elf zephyrmancer (D:14)
  4 orc knights
  4 deep elf pyromancers
  2 wolf spiders (Lair:6)
  3 cyclopes
  7 ugly things
  3 manticores
  4 orc sorcerers
  24 elephants
  Joseph (Lair:1)
  3 salamanders (Volcano)
  A guardian serpent (Lair:6)
  An ice statue (IceCv)
  5 torpor snails (Lair:6)
  7 black mambas
  A smoke demon (Abyss:3)
  17 cane toads
  10 komodo dragons
  Psyche (D:9)
  4 rime drakes
  An efreet (Abyss:2)
  A freezing wraith (IceCv)
  5 ice devils (IceCv)
  3 meliai (D:15)
  3 trolls
  3 large abominations (Abyss:3)
  4 tyrant leeches (Lair:6)
  15 hornets
  3 dream sheep (Lair:4)
  12 slime creatures
  7 blink frogs
  Sigmund (D:2)
  A vampire (D:12)
  52 yaks
  7 fire bats (Volcano)
  6 wraiths (D:13)
  A dire elephant simulacrum (IceCv)
  14 wyverns
  9 basilisks
  3 steam dragons
  3 hogs (Lair:5)
  6 vampire mosquitoes
  A death yak simulacrum (IceCv)
  5 redbacks
  A harpy simulacrum (IceCv)
  2 wargs (Orc:2)
  Menkaure (D:5)
  2 acid dragons
  23 water moccasins
  Duvessa (D:5)
  10 black bears
  A hornet zombie (D:7)
  45 orc warriors
  3 ice beasts
  12 wolves
  23 centaurs
  7 ogres
  A kobold brigand (D:9)
  13 bullfrogs
  5 gnoll sergeants
  2 scorpions
  A cane toad simulacrum (IceCv)
  Dowan (D:5)
  An elephant simulacrum (IceCv)
  The ghost of WaxSun the Sneak, a weakling HuDe (D:4)
  3 wights (D:7)
  2 electric eels
  3 howler monkeys
  A bullfrog zombie (D:5)
  9 lava snakes (Volcano)
  4 centaur zombies
  8 hounds
  2 quasits (D:4)
  6 centaur skeletons
  7 jellies
  12 orc priests
  3 gnoll shamans (D:6)
  Terence (D:2)
  An iguana (D:7)
  9 orc wizards
  A polar bear simulacrum (IceCv)
  2 spriggan simulacra (IceCv)
  A troll simulacrum (IceCv)
  A killer bee zombie (D:8)
  2 wolf simulacra (IceCv)
  3 howler monkey zombies
  Robin (D:2)
  2 adders
  40 gnolls
  4 naga simulacra (IceCv)
  12 white imps
  5 ufetubi
  A worm (D:2)
  A dart slug (D:2)
  69 orcs
  4 endoplasms
  2 giant cockroaches (D:4)
  25 goblins
  8 hobgoblins
  13 jackals
  11 kobolds
  4 quokkas
  7 ball pythons
  5 bats
  2 frilled lizards
  A rat (D:3)
  A bush (Lair:4)
773 creatures vanquished.

Vanquished Creatures (collateral kills)
  A reaper (IceCv)
  An elephant (Lair:5)
  A torpor snail (Lair:4)
  2 slime creatures (D:12)
  2 dream sheep (Lair:4)
  A blink frog (Lair:3)
  An ogre (Orc:1)
  An electric eel (Lair:6)
  An orc wizard (Orc:1)
  A troll simulacrum (IceCv)
  A spriggan simulacrum (IceCv)
  2 white imps (Lair:5)
  An orc (Orc:2)
16 creatures vanquished.

Vanquished Creatures (others)
  An orc wizard (Orc:2)
  2 ufetubi (IceCv)
  2 orcs (D:14)
  77 fungi
  168 plants
250 creatures vanquished.

Grand Total: 1039 creatures vanquished

Notes
Turn   | Place    | Note
-------+----------+-------------------------------------------
     0 | D:1      | firemarshallily the Demonspawn Gladiator began the quest
                  | for the Orb.
     0 | D:1      | Reached XP level 1. HP: 16/16 MP: 1/1
   266 | D:1      | Gained mutation: You are partially covered in rugged brown
                  | scales. (AC +1, +3% HP) [demonic ancestry]
   266 | D:1      | Reached XP level 2. HP: 16/22 MP: 2/2
   407 | D:1      | Found a faded altar of an unknown god.
   431 | D:1      | Prayed at the altar of an unknown god.
   431 | D:1      | Became a worshipper of Ashenzari the Shackled
   955 | D:1      | Gained mutation: You have sharp fingernails. [demonic
                  | ancestry]
   955 | D:1      | Reached XP level 3. HP: 27/27 MP: 3/3
  1086 | D:1      | Reached skill level 1 in Armour
  1690 | D:2      | Noticed Sigmund
  1979 | D:2      | Noticed Robin
  1997 | D:2      | Killed Robin
  1998 | D:2      | Noticed Terence
  2016 | D:2      | Killed Terence
  2017 | D:2      | Reached XP level 4. HP: 16/35 MP: 4/4
  2613 | D:3      | Gained mutation: You have very sharp fingernails. [demonic
                  | ancestry]
  2613 | D:3      | Reached XP level 5. HP: 40/41 MP: 5/5
  2853 | D:3      | Reached skill level 3 in Fighting
  3318 | D:4      | Found a hide-covered altar of Uskayaw.
  3385 | D:4      | Found a burning altar of Makhleb.
  3394 | D:4      | Found a broken altar of Ashenzari.
  3402 | D:4      | Found a sparkling altar of Nemelex Xobeh.
  3452 | D:4      | Found a transporter.
  3454 | D:4      | Noticed WaxSun's ghost (weakling HuDe)
  3513 | D:4      | Found a staircase to the Ecumenical Temple.
  3557 | D:4      | Gained mutation: You are partially covered in sharp spines.
                  | [demonic ancestry]
  3557 | D:4      | Reached XP level 6. HP: 38/48 MP: 6/6
  3647 | D:4      | Reached skill level 5 in Long Blades
  3970 | D:4      | Found a transporter.
  4214 | D:4      | Noticed a water moccasin
  4232 | D:4      | Killed a water moccasin
  4233 | D:4      | Reached skill level 4 in Fighting
  4233 | D:4      | Gained mutation: Your demonic aura sometimes causes spilled
                  | blood to erupt in flames. [demonic ancestry]
  4233 | D:4      | Reached XP level 7. HP: 13/55 MP: 7/7
  4746 | D:5      | Entered Level 5 of the Dungeon
  5281 | D:5      | Noticed Menkaure
  5286 | D:5      | Found Taucvuvu's Magic Scroll Shoppe.
  5291 | D:5      | Killed Menkaure
  5312 | D:5      | Bought a scroll of identify for 24 gold pieces
  5312 | D:5      | Bought a scroll of identify for 24 gold pieces
  5312 | D:5      | Bought a scroll of identify for 24 gold pieces
  5352 | D:5      | Gained mutation: Your demonic aura often causes spilled
                  | blood to erupt in flames. [demonic ancestry]
  5352 | D:5      | Reached XP level 8. HP: 62/62 MP: 8/8
  5382 | D:5      | Reached skill level 5 in Fighting
  5510 | D:5      | Noticed Dowan
  5513 | D:5      | Noticed Duvessa
  5519 | D:5      | Killed Dowan
  5526 | D:5      | HP: 4/94 [Duvessa/+0 short sword (14)]
  5530 | D:5      | Killed Duvessa
  6389 | D:6      | Found Dodgh's Distillery.
  6393 | D:6      | Bought a potion of curing for 36 gold pieces
  6393 | D:6      | Bought a potion of curing for 36 gold pieces
  6393 | D:6      | Bought a potion of heal wounds for 60 gold pieces
  6393 | D:6      | Bought a potion of lignification for 36 gold pieces
  6572 | D:6      | Identified the cursed +0 helmet "Lashed Repose" {Cun, Fort}
  6791 | D:6      | Reached skill level 5 in Armour
  6802 | D:6      | Reached skill level 6 in Fighting
  6929 | D:6      | Gained mutation: Your demonic aura causes all spilled blood
                  | to erupt in flames. [demonic ancestry]
  6929 | D:6      | Reached XP level 9. HP: 71/71 MP: 9/9
  7070 | D:6      | Identified the +0 buckler of Agnosticism {rPois Str-2
                  | Dex+7}
  7093 | D:6      | Identified the ring "Firy" {rN+ rCorr Int+6 Dex-5}
  8056 | D:7      | Reached skill level 7 in Fighting
  8168 | D:7      | Learned a level 1 spell: Summon Small Mammal
  8170 | D:7      | Learned a level 1 spell: Apportation
  8292 | D:7      | Found a hazy altar of Hepliaklqana.
  8388 | D:7      | Reached skill level 1 in Summonings
  8731 | D:4      | Killed WaxSun's ghost
  8967 | D:2      | Killed Sigmund
  8968 | D:2      | Reached XP level 10. HP: 81/81 MP: 10/10
  9124 | D:8      | Found a transporter.
  9125 | D:8      | Found a transporter.
  9127 | D:8      | Noticed Soldner's ghost (novice HOFi)
  9166 | D:8      | Found Cucheuck's Assorted Antiques.
  9174 | D:8      | Bought a fuming clear potion for 27 gold pieces
  9174 | D:8      | Bought a bubbling inky potion for 27 gold pieces
  9176 | D:8      | Bought a scroll of identify for 60 gold pieces
  9176 | D:8      | Bought a scroll of identify for 60 gold pieces
  9344 | D:8      | Noticed a two-headed ogre
  9355 | D:8      | Killed a two-headed ogre
  9356 | D:8      | Reached skill level 10 in Long Blades
  9627 | D:9      | Found a basalt altar of Yredelemnul.
  9638 | D:9      | Noticed Psyche
  9641 | D:9      | Cast into level 1 of the Abyss (Psyche)
  9649 | Abyss:1  | Found a corrupted altar of Lugonu.
  9681 | D:9      | Escaped the Abyss
  9701 | D:9      | Killed Psyche
  9752 | D:9      | Found a flagged portal.
  9773 | Bailey   | Entered a bailey
  9899 | Bailey   | Noticed an orc knight
  9912 | Bailey   | Killed an orc knight
  9913 | Bailey   | Reached skill level 8 in Fighting
  9914 | Bailey   | Noticed an orc high priest
  9949 | Bailey   | Noticed a soul eater
  9950 | Bailey   | Noticed a soul eater
  9967 | Bailey   | HP: 2/78 [orc high priest/+0 war axe (4)]
  9972 | D:9      | Killed an orc high priest
 10285 | D:9      | Identified the +9 flail of Sharkskin {flame, Fly rF+ rN++}
 10391 | D:10     | Entered Level 10 of the Dungeon
 10428 | D:10     | Reached XP level 11. HP: 89/89 MP: 11/11
 10791 | D:10     | Reached skill level 5 in Summonings
 10910 | D:10     | Reached skill level 9 in Fighting
 11007 | D:10     | Found a staircase to the Orcish Mines.
 11049 | D:10     | Found a staircase to the Lair.
 11149 | D:10     | You fall into a shaft and drop 1 floor!
 11206 | D:11     | Found an iron altar of Okawaru.
 11218 | D:11     | Noticed a centaur warrior
 11230 | D:11     | Killed a centaur warrior
 11618 | D:10     | Learned a level 3 spell: Call Canine Familiar
 12071 | D:11     | Gained mutation: You have a somewhat thin skeletal
                  | structure. (Dex +2, Stealth+) [potion of mutation]
 12071 | D:11     | Gained mutation: You have a pair of small horns on your
                  | head. [potion of mutation]
 12071 | D:11     | Gained mutation: Your spells are a little easier to cast,
                  | but a little less powerful. [potion of mutation]
 12072 | D:11     | Lost mutation: You have a pair of small horns on your head.
                  | [potion of mutation]
 12072 | D:11     | Lost mutation: Your spells are a little easier to cast, but
                  | a little less powerful. [potion of mutation]
 12072 | D:11     | Gained mutation: You sometimes lose the ability to read
                  | scrolls when taking damage. [potion of mutation]
 12072 | D:11     | Gained mutation: You are robust. (+10% HP) [potion of
                  | mutation]
 12072 | D:11     | Gained mutation: You are dopey. (Int -2) [potion of
                  | mutation]
 12072 | D:11     | Gained mutation: You have an increased reservoir of magic.
                  | (+10% MP) [potion of mutation]
 12073 | D:11     | Lost mutation: You are robust. (+10% HP) [potion of
                  | mutation]
 12073 | D:11     | Lost mutation: You are dopey. (Int -2) [potion of mutation]
 12073 | D:11     | Lost mutation: You sometimes lose the ability to read
                  | scrolls when taking damage. [potion of mutation]
 12073 | D:11     | Gained mutation: You are robust. (+10% HP) [potion of
                  | mutation]
 12073 | D:11     | Gained mutation: Your body sometimes deteriorates upon
                  | taking damage. [potion of mutation]
 12074 | D:11     | Lost mutation: You are robust. (+10% HP) [potion of
                  | mutation]
 12074 | D:11     | Lost mutation: You have an increased reservoir of magic.
                  | (+10% MP) [potion of mutation]
 12074 | D:11     | Gained mutation: You passively map a small area around you.
                  | [potion of mutation]
 12074 | D:11     | Gained mutation: Your mind is acute. (Int +2) [potion of
                  | mutation]
 12261 | D:12     | Found a gate leading to a gauntlet.
 12305 | Gauntlet | Entered a Gauntlet
 12305 | Gauntlet | Found a transporter.
 12305 | Gauntlet | Found a transporter.
 12317 | Gauntlet | Found a transporter.
 12334 | Gauntlet | Noticed a quicksilver ooze
 12335 | Gauntlet | Found a transporter.
 12335 | Gauntlet | Found a transporter.
 12335 | Gauntlet | Found a transporter.
 12338 | Gauntlet | Found a transporter.
 12338 | Gauntlet | Found a transporter.
 12355 | Gauntlet | Found a transporter.
 12371 | Gauntlet | Found a transporter.
 12381 | Gauntlet | Found a transporter.
 12385 | Gauntlet | Found a transporter.
 12432 | Gauntlet | Found a transporter.
 12447 | Gauntlet | Found a transporter.
 12516 | Gauntlet | Noticed a death drake
 12532 | Gauntlet | a death drake changed into a salamander
 12735 | D:12     | Noticed a deep elf pyromancer
 12871 | D:12     | Noticed a six-headed hydra
 12882 | D:12     | Killed an eight-headed hydra
 12883 | D:12     | Gained mutation: You have claws for hands. [demonic
                  | ancestry]
 12883 | D:12     | Reached XP level 12. HP: 61/98 MP: 12/12
 13322 | D:13     | Noticed an eight-headed hydra
 13332 | D:13     | Killed a 13-headed hydra
 13549 | D:13     | Noticed a two-headed ogre
 13554 | D:13     | Noticed Josephine
 13565 | D:13     | Killed Josephine
 13566 | D:13     | Reached skill level 10 in Fighting
 13705 | D:13     | Lost mutation: You have a somewhat thin skeletal structure.
                  | (Dex +2, Stealth+) [potion of mutation]
 13705 | D:13     | Lost mutation: Your body sometimes deteriorates upon taking
                  | damage. [potion of mutation]
 13705 | D:13     | Gained mutation: Your body sometimes deteriorates upon
                  | taking damage. [potion of mutation]
 13705 | D:13     | Gained mutation: You do not regenerate when monsters are
                  | visible. [potion of mutation]
 14032 | D:6      | Bought a potion of mutation for 96 gold pieces
 14032 | D:6      | Bought a potion of curing for 36 gold pieces
 14032 | D:6      | Lost mutation: You do not regenerate when monsters are
                  | visible. [potion of mutation]
 14032 | D:6      | Lost mutation: Your body sometimes deteriorates upon taking
                  | damage. [potion of mutation]
 14032 | D:6      | Gained mutation: Your muscles are strong. (Str +2) [potion
                  | of mutation]
 14167 | Lair:1   | Entered Level 1 of the Lair of Beasts
 14749 | Lair:1   | Noticed Nergalle
 14757 | Lair:1   | Killed Nergalle
 14837 | Lair:1   | Noticed Joseph
 14848 | Lair:1   | Killed Joseph
 15063 | Lair:2   | Noticed a six-headed hydra
 15072 | Lair:1   | Killed an eight-headed hydra
 15166 | Lair:2   | Found a hole to the Spider Nest.
 15249 | Lair:2   | Gained mutation: Your presence sometimes corrodes those you
                  | injure. [demonic ancestry]
 15249 | Lair:2   | Reached XP level 13. HP: 108/108 MP: 13/13
 15492 | Lair:2   | Reached skill level 11 in Fighting
 15497 | Lair:2   | Reached skill level 10 in Armour
 15835 | Lair:3   | Paralysed by a hornet for 2 turns
 16347 | Lair:3   | Reached skill level 12 in Fighting
 16939 | Lair:3   | Identified the ring "Yfacsoce" {rElec rPois Int+4}
 17628 | Lair:4   | Found a staircase to the Shoals.
 17766 | Lair:4   | Reached skill level 13 in Fighting
 18037 | Lair:4   | Reached skill level 1 in Shields
 18037 | Lair:4   | Gained mutation: Your presence sometimes corrodes or
                  | deforms those you injure. [demonic ancestry]
 18037 | Lair:4   | Reached XP level 14. HP: 99/121 MP: 6/14
 18074 | Lair:4   | Got the Reference Book on Malediction
 18173 | Lair:4   | Learned a level 3 spell: Summon Guardian Golem
 18507 | Lair:5   | Found a frozen archway.
 18575 | IceCv    | Entered an ice cave
 18907 | IceCv    | Noticed a reaper
 18918 | IceCv    | Killed a reaper
 19093 | Lair:5   | Noticed Kirke
 19104 | Lair:5   | Killed Kirke
 19104 | Lair:5   | Identified the cursed +2 cloak of Ashenzari's Seer {Fort,
                  | Comp} (You found it on level 6 of the Dungeon)
 19152 | Lair:5   | Reached * piety under Ashenzari
 19849 | Lair:5   | Noticed a quicksilver ooze
 19862 | Lair:5   | Killed a quicksilver ooze
 19868 | Lair:5   | Reached skill level 5 in Dodging
 19881 | Lair:5   | Identified the +3 dagger "Qusk" {chaos, SInv}
 20042 | Lair:6   | Entered Level 6 of the Lair of Beasts
 20162 | Lair:6   | Found a runed translucent door.
 20400 | Lair:6   | Paralysed by a hornet for 2 turns
 20408 | Lair:6   | Reached skill level 14 in Fighting
 20445 | Lair:6   | Upgraded the game from 0.28.0-49-g6dfe1f597d to
                  | 0.28.0-53-g5a82cb258f
 20807 | Lair:6   | Reached skill level 5 in Shields
 21250 | Lair:6   | Noticed Snorg
 21284 | Lair:6   | Killed Snorg
 21296 | Lair:6   | Reached skill level 1 in Stealth
 21296 | Lair:6   | Gained mutation: You are mostly covered in rugged brown
                  | scales. (AC +2, +5% HP) [demonic ancestry]
 21296 | Lair:6   | Reached XP level 15. HP: 108/132 MP: 6/15
 21610 | Lair:6   | Found a staircase to the Slime Pits.
 21647 | Lair:6   | Identified the +0 cloak of Oblivion {Rampage Str+4}
 21983 | Orc:1    | Entered Level 1 of the Orcish Mines
 22092 | Orc:1    | Found Gihooschyi's Weapon Emporium.
 22181 | Orc:1    | Found a dark tunnel.
 22208 | Volcano  | Entered a volcano
 22548 | Volcano  | Found a bloodstained altar of Trog.
 22605 | Orc:1    | Found Gadosuas's Distillery.
 22654 | Orc:1    | Bought a potion of curing for 30 gold pieces
 22654 | Orc:1    | Bought a potion of curing for 30 gold pieces
 22654 | Orc:1    | Bought a potion of curing for 30 gold pieces
 22654 | Orc:1    | Bought a potion of lignification for 30 gold pieces
 22728 | Orc:1    | Found Aluloips's Weapon Boutique.
 23035 | Orc:1    | Found Ozagi's Distillery.
 23038 | Orc:1    | Bought a potion of berserk rage for 70 gold pieces
 23038 | Orc:1    | Bought a potion of curing for 42 gold pieces
 23038 | Orc:1    | Bought a potion of heal wounds for 70 gold pieces
 23063 | Orc:2    | Entered Level 2 of the Orcish Mines
 23089 | Orc:2    | Found a staircase to the Elven Halls.
 23211 | Orc:2    | Noticed Erolcha
 23237 | Orc:2    | Cast into level 1 of the Abyss (Erolcha)
 23237 | Abyss:1  | Found a corrupted altar of Lugonu.
 23330 | Abyss:2  | Noticed a bone dragon
 23565 | Abyss:3  | Found an iron altar of Okawaru.
 23617 | Orc:2    | Escaped the Abyss
 23622 | Orc:2    | Killed Erolcha
 24147 | Orc:2    | Noticed an orc warlord
 24151 | Orc:2    | Reached skill level 15 in Fighting
 24164 | Orc:2    | Killed an orc warlord
 24355 | Orc:2    | Noticed an orc warlord
 24419 | Orc:2    | Killed an orc warlord
 24590 | Orc:2    | Found Eseta's Assorted Antiques.
 24590 | Orc:2    | Found Wuxtomoh's Antique Armour Shoppe.
 24592 | Orc:2    | Found Vuhuc's Assorted Antiques.
 24594 | Orc:2    | Found Wulitt's Book Shop.
 24611 | Orc:2    | Bought a pair of runed boots for 195 gold pieces
 25570 | D:13     | Noticed Urug
 25581 | D:13     | Killed Urug
 26478 | D:14     | Found a gate to the Vaults.
 27131 | D:14     | Reached XP level 16. HP: 142/143 MP: 16/16
 27165 | D:15     | Entered Level 15 of the Dungeon
 27297 | D:15     | Identified Roxanne's Collected Works on Transmigration
 27297 | D:15     | Noticed Roxanne
 27322 | D:15     | Killed from afar by Roxanne

Illustrated notes

Levels and vault maps discovered:
D:1:      lightli_arrival_windingriver, layout_basic,
          ebering_ecumenical_altar_rust
D:2:      layout_loops_ring, kennysheep_cross_room, uniq_terence, uniq_sigmund,
          uniq_robin
D:3:      layout_basic, kennysheep_decorative_pillar
D:4:      layout_loops_corners, grunt_temple_overflow_cloverleaf,
          minmay_temple_entry_wispy, gammafunk_ghost_stat_death
D:5:      layout_basic, serial_shops, shop, grunt_decor_fettered, uniq_duvessa,
          uniq_menkaure
D:6:      layout_cave_pools, serial_gnoll_camp, gnoll_camp_mini_hut,
          gnoll_camp_mini_hut, gnoll_camp_huts_basic, gnoll_camp_mini_basic,
          gnoll_camp_medium_01, serial_shops, shop, lemuel_old_faithful
D:7:      layout_cave_pools, marbit_many_paths
D:8:      layout_rooms, gammafunk_ghost_hive, serial_shops, shop, sigmund_army
D:9:      layout_roguey, mainiacjoe_overflow_chevrons, enter_bailey_2,
          uniq_psyche
D:10:     layout_roguey, david_lair_generic, david_orc_5, serial_curves,
          eino_curves_03, eino_curves_03
D:11:     layout_cave_pools, chequers_serial_rivers_small_a,
          okawaru_metal_pillars_1_2
D:12:     layout_rooms, gauntlet_entry_generic
D:13:     layout_grid_maze, corexii_checkpoint_b, uniq_urug, uniq_josephine
D:14:     layout_loops_corners, hangedman_vaults_entry_quadrant_bands,
          hangedman_glass_teeth
D:15:     gammafunk_depths_entry_grave, layout_loops_ring, nrook_pool_corridor,
          nicolae_hepliaklqana_monster_ancestors, uniq_roxanne
Lair:1:   layout_hall_layers, serial_bayou, serial_bayou_lagoon_a,
          serial_bayou_crossing, serial_bayou_pond_a, serial_bayou_shore_b,
          serial_bayou_pond_e, serial_bayou_pond_d, uniq_joseph, uniq_nergalle
Lair:2:   layout_cave_shapes, spider_nest_entry_webs, beast_lair_carwin_1,
          infiniplex_staircase_pool
Lair:3:   cheibrodos_lair_overgrown_chateau, layout_regular_city,
          beast_lair_carwin_6, grunt_megastairs_4
Lair:4:   nzn_winding_woodlands_cross [nzn_winding_woodlands_5x15_lazy_stream,
          nzn_winding_woodlands_5x15_eye, nzn_winding_woodlands_5x15_zeroes,
          nzn_winding_woodlands_5x15_sawtooth,
          nzn_winding_woodlands_15x15_thick_spiral], layout_cave_pods,
          elwin_shoals_entry_rooms, serial_forest, infiniplex_forest_lined_2,
          infiniplex_forest_clump_tiny, infiniplex_forest_lined_corner,
          infiniplex_forest_clump_large, infiniplex_forest_pool
Lair:5:   layout_small_grid, portal_ice_cave_entry_imps,
          nicolae_lair_time_for_slime, uniq_kirke
Lair:6:   hangedman_lair_tendril_chambers, layout_gridlike, wormcave,
          minmay_slime_entry_pillars, grunt_forest_small_clearing_treed,
          uniq_snorg
Orc:1:    layout_caves, nicolae_volcano_entry_s_turn, serial_shops,
          nicolae_shop_behind_doors, nicolae_shop_waterfront,
          nicolae_shop_competitors_out_of_business, nicolae_shop_stone
Orc:2:    st_orc_rangers, layout_caves, basic_altar, uniq_erolcha

Skill      XL: |  1  2  3  4  5  6  7  8  9 10 11 12 13 14 15 |
---------------+----------------------------------------------+-----
Throwing       | 2 |  2.0
Long Blades    | 3 4 5 6 8 9 11 12 13 14 | 14.0
Armour         | 1 2 3 5 6 7 8 9 11 12 13 | 13.6
Dodging        | 3 6 7 |  7.6
Fighting       | 3 4 6 7 8 9 10 13 14 15 | 15.7
Summonings     | 1 4 6 7 |  7.0
Shields        | 1 5 6 |  6.9
Stealth        | 1 4 |  4.8

Action                   |  1- 3 |  4- 6 |  7- 9 | 10-12 | 13-15 | 16-18 || total
-------------------------+-------+-------+-------+-------+-------+-------++-------
Melee: Long sword        |   170 |   161 |   274 |   571 |  1169 |       ||  2345
       Punch             |     1 |     4 |     2 |       |       |       ||     7
       Unarmed           |       |       |       |       |     1 |       ||     1
       Scimitar          |       |       |       |       |   335 |    23 ||   358
Throw: Stone             |       |     5 |       |       |       |       ||     5
       Throwing net      |       |     4 |     3 |     1 |     5 |       ||    13
       Dart              |       |       |     9 |     8 |    19 |       ||    36
 Cast: Summon Small Mamm |       |       |     4 |    63 |    57 |       ||   124
       Call Canine Famil |       |       |       |     3 |    60 |     1 ||    64
Invok: Curse Item        |       |       |     1 |       |     2 |       ||     3
Evoke: Wand              |       |       |       |       |     2 |       ||     2
  Use: Potion            |     4 |       |     8 |    11 |    20 |       ||    43
       Scroll            |       |       |     9 |    13 |    14 |       ||    36
 Stab: Sleeping          |     2 |       |       |     2 |     1 |       ||     5
       Held in net/web   |       |       |     1 |       |     1 |       ||     2
       Distracted        |       |       |     2 |     1 |     9 |       ||    12
Armor: Leather armour    |    68 |    11 |       |       |       |       ||    79
       Ring mail         |       |    67 |    82 |       |    56 |       ||   205
       Skin              |       |       |     3 |       |       |       ||     3
       Steam dragon scal |       |       |    54 |    10 |       |       ||    64
       Acid dragon scale |       |       |       |   264 |   257 |       ||   521
       Ice dragon scales |       |       |       |       |   400 |     6 ||   406
       Chain mail        |       |       |       |       |    41 |       ||    41
Dodge: Dodged            |   145 |   110 |   212 |   313 |   780 |    10 ||  1570
Block: Buckler           |       |       |    22 |    79 |   394 |     3 ||   498
